 Dungeon Crawl Stone Soup version 0.31-a0-112-gdf0485fa37 (webtiles) character file.

Game seed: 10291210735150207949

294 MackTheKnife the Ruffian (level 6, -1/47 HPs)
             Began as a Demonspawn Fighter on May 28, 2023.
             Slain by an orc priest
             ... wielding a +0 hand axe
              (3 damage)
             ... on level 4 of the Dungeon.
             The game lasted 00:03:38 (3074 turns).

MackTheKnife the Ruffian (Demonspawn Fighter)       Turns: 3074, Time: 00:03:38

Health: -1/47      AC:  7    Str: 16    XL:     6   Next: 11%
Magic:  6/6        EV: 10    Int: 10    God:
Gold:   17         SH:  4    Dex: 14    Spells: 5/5 levels left

rFire   . .          .
                       - Unarmed
rCold   + . .        b - +0 buckler
rNeg    . . .        u - +0 ring mail {rC+}
rPois   .            (helmet restricted)
rElec   .            h - +0 cloak
rCorr   .            (no gloves)
SInv    +            t - +0 pair of boots
Will    .....        (no amulet)
Stlth   +            d - ring of see invisible
HPRegen 0.27/turn    r - ring of wizardry
MPRegen 0.20/turn

%: wizardry (x1)
@: mighty
A: antennae 1, foul stench 1, magic regeneration, sturdy frame 1
a: no special abilities


You were on level 4 of the Dungeon.
You visited 1 branch of the dungeon, and saw 4 of its levels.

You collected 192 gold pieces.
You spent 175 gold pieces at shops.


Innate Abilities, Weirdness & Mutations

You have a pair of small antennae on your head.
You may rarely emit foul miasma when damaged in melee.
You regenerate magic rapidly.
Your movements are slightly less encumbered by armour. (ER -2)


   Skills:
 - Level 3.0 Fighting
 - Level 2.6 Armour
 - Level 2.6 Shields
 + Level 5.9 Unarmed Combat


You had 5 spell levels left.
You didn't know any spells.
Your spell library contained the following spells:

 Spells                   Type           Power      Damage    Failure   Level
 Freeze                   Ice            0%         1d3       26%         1
 Frozen Ramparts          Ice            0%         1d1       58%         3
 Hailstorm                Conj/Ice       0%         3d3       58%         3

Inventory:

Hand Weapons
 e - a +0 dagger {short}
   (You took it off a goblin on level 1 of the Dungeon)
 i - a +0 club {mace}
   (You took it off a goblin on level 1 of the Dungeon)
 k - a +0 rapier {short}
   (You found it on level 1 of the Dungeon)
Missiles
 o - 2 curare-tipped darts {=fthrowing}
Armour
 b - a +0 buckler (worn)
 h - a +0 cloak (worn)
   (You found it on level 1 of the Dungeon)
 t - a +0 pair of boots (worn)
   (You found it on level 4 of the Dungeon)
 u - a +0 ring mail of cold resistance (worn)
   (You bought it in a shop on level 1 of the Dungeon)
Jewellery
 d - a ring of see invisible (left hand)
   (You found it on level 1 of the Dungeon)
 r - a ring of wizardry (right hand)
   (You found it on level 3 of the Dungeon)
Scrolls
 f - a scroll of poison {unknown}
 g - 5 scrolls of identify {unknown}
 j - a scroll of magic mapping {unknown}
 l - a scroll of enchant weapon {unknown}
 m - a scroll of enchant armour {unknown}
 n - 2 scrolls of fear {unknown}
 p - 2 scrolls of fog {unknown}
 q - a scroll of teleportation {unknown}
Potions
 a - a potion of enlightenment {unknown}
 c - a potion of might
 s - a potion of brilliance {unknown}

Dungeon Overview and Level Annotations

Branches:
Dungeon (4/15) Zot: 20939
 Temple: D:4-7

Altars:

Shops:
D:1 [ D:2

! #......#######.
#.............. #......########
#......# .......# .).....#
...รท...##### ###
...........########## ....
..########......@oo.##### .....
...################.....##..w...
#.......##...............w......
#.#####....##############.......
#.# #.#.## ....... #.# #...#
......# ..# ##..# ....... .##
#..## ....... ## #...## .......


You could see an orc priest and an orc.


Message History

You punch the dart slug! The dart slug barely misses you.
Unknown command.
You barely miss the dart slug. ๐Ÿ˜จ HP[+1]
You hit the dart slug.
You kill the dart slug!
You start resting.
A giant cockroach comes into view. ๐Ÿ˜ฎ HP[+10]
You regained 10 hp, and now have 26/47 hp.
A giant cockroach is nearby!
You are too injured to fight recklessly!
You are too injured to fight recklessly!
You are too injured to fight recklessly!
You are too injured to fight recklessly! ๐Ÿ˜ฎ HP[+1]
You start resting.
A giant cockroach is nearby! ๐Ÿ˜ฎ HP[+1] ๐Ÿ˜ฎ HP[+1]
You are too injured to fight recklessly!
You are too injured to fight recklessly!
You are too injured to fight recklessly!
You are too injured to fight recklessly!
You are too injured to fight recklessly!
You are too injured to fight recklessly!
You are too injured to fight recklessly!
You are too injured to fight recklessly!
You are too injured to fight recklessly!
You are too injured to fight recklessly!
You hit the giant cockroach. You block the giant cockroach's attack.
You hit the giant cockroach. The giant cockroach bites you.
You hit the giant cockroach.
You kill the giant cockroach!
You start resting.
An orc comes into view. It is wielding a +0 hand axe.
An orc is nearby!
You are too injured to fight recklessly!
You are too injured to fight recklessly!
You are too injured to fight recklessly!
You are too injured to fight recklessly! ๐Ÿ˜ฎ HP[+1]
An orc priest comes into view.
It is wielding a +0 hand axe. ๐Ÿ˜ฎ HP[+1]
The orc priest shouts!
You hear a shout!
An orc comes into view. It is wielding a +0 whip.
You block the orc's attack.
You closely miss the orc. The orc hits you but does no damage.
You barely miss the orc. ๐Ÿ˜ฎ HP[+1]
You barely miss the orc. The orc hits you but does no damage.
Unknown command.
You hit the orc. The orc barely misses you.
You barely miss the orc. You block the orc's attack.
You hit the orc.
The orc hits you but does no damage. ๐Ÿ˜ฎ HP[+1]
You hit the orc but do no damage.
The orc hits you with a +0 hand axe. ๐Ÿ˜ฎ HP[-4]
You take 4 damage, and now have 29/47 hp.
You hit the orc. You block the orc's attack.
You closely miss the orc.
The orc hits you with a +0 hand axe. ๐Ÿ˜ฎ HP[-3]
You take 3 damage, and now have 26/47 hp.
You hit the orc but do no damage.
The orc hits you but does no damage. ๐Ÿ˜ฎ HP[+1]
You hit the orc but do no damage.
The orc priest mumbles some strange prayers to Beogh against you.
Beogh smites you!
* * * LOW HITPOINT WARNING * * *
The orc hits you but does no damage. ๐Ÿ˜จ HP[-11]
You take 11 damage, and now have 16/47 hp.
MASSIVE DAMAGE!! (PAUSE)
You hit the orc.
You kill the orc!
The orc priest begins to cast a cantrip, but forgets the words!
You feel very mighty all of a sudden.
The orc priest invokes the aid of Beogh against you.
Beogh smites you!
* * * LOW HITPOINT WARNING * * *
๐Ÿ˜ฑ HP[-11]
You take 11 damage, and now have 5/47 hp.
MASSIVE DAMAGE!! (PAUSE)
You block the orc priest's attack.
Things that are here:
a +0 hand axe {axe}; a +0 leather armour; 16 gold pieces ๐Ÿ˜ฑ HP[+1]
You hit the orc priest.
The orc priest hits you with a +0 hand axe.
* * * LOW HITPOINT WARNING * * *
๐Ÿ˜ฑ HP[-1]
You take 1 damage, and now have 5/47 hp.
You hit the orc priest but do no damage.
The orc priest hits you with a +0 hand axe.
* * * LOW HITPOINT WARNING * * *
๐Ÿ˜ฑ HP[-3]
You take 3 damage, and now have 2/47 hp.
You hit the orc priest.
The orc priest hits you with a +0 hand axe.
You die...

Skill      XL: |  1  2  3  4 |
---------------+-------------+-----
Unarmed Combat | 2 3 4 5 |  5.9
Fighting       | |  3.0
Armour         | |  2.6
Shields        | |  2.6

Action                     |  1- 3 |  4- 6 || total
---------------------------+-------+-------++-------
  Melee: Unarmed           |   199 |   132 ||   331
    Use: Potion            |     3 |     3 ||     6
 Armour: Scale mail        |   101 |    29 ||   130
         Ring mail         |       |    12 ||    12
  Dodge: Dodged            |    79 |    64 ||   143
  Block: Buckler           |    40 |    20 ||    60

Levels and vault maps discovered:
D:1:      eino_arrival_water_cross, layout_basic, serial_shops,
          nicolae_shop_tiny_real_fake_doors
D:2:      layout_rooms, serial_shops, nicolae_shop_real_fake_doors
D:3:      layout_basic, uniq_crazy_yiuf_cottage
D:4:      layout_rooms, zin_purify, uniq_robin, uniq_duvessa

Notes
Turn   | Place    | Note
-------+----------+-------------------------------------------
     0 | D:1      | MackTheKnife the Demonspawn Fighter began the quest for the
                  | Orb.
     0 | D:1      | Reached XP level 1. HP: 18/18 MP: 1/1
     0 | D:1      | magus.rc [v1.9.6]
    69 | D:1      | Reached skill level 2 in Unarmed Combat
   332 | D:1      | Gained mutation: You regenerate magic rapidly. [demonic
                  | ancestry]
   332 | D:1      | Reached XP level 2. HP: 22/24 MP: 2/2
   347 | D:1      | Found Najuonul's Antique Armour Shoppe.
   666 | D:1      | Reached skill level 3 in Unarmed Combat
   850 | D:1      | You pick up a book of Frost and begin reading...
   850 | D:1      | You add the spells Freeze, Frozen Ramparts and Hailstorm to
                  | your library.
  1092 | D:1      | Gained mutation: Your movements are slightly less
                  | encumbered by armour. (ER -2) [demonic ancestry]
  1092 | D:1      | Reached XP level 3. HP: 23/29 MP: 3/3
  1290 | D:2      | Found Plog's Distillery.
  1321 | D:2      | HP: 6/29 [poisoned by a hobgoblin (curare-tipped dart)]
  1621 | D:2      | Reached skill level 4 in Unarmed Combat
  1621 | D:2      | Reached XP level 4. HP: 33/35 MP: 4/4
  2299 | D:3      | Noticed an ogre
  2312 | D:3      | Killed an ogre
  2313 | D:3      | Reached skill level 5 in Unarmed Combat
  2313 | D:3      | Gained mutation: You have a pair of small antennae on your
                  | head. [demonic ancestry]
  2313 | D:3      | Reached XP level 5. HP: 41/41 MP: 5/5
  2426 | D:3      | Found a runed translucent door.
  2427 | D:3      | Noticed Crazy Yiuf
  2438 | D:3      | HP: 10/41 [Crazy Yiuf/+3 quarterstaff of chaos (7)]
  2439 | D:3      | Killed Crazy Yiuf
  2442 | D:3      | HP: 4/41 [poisoned by Crazy Yiuf]
  2823 | D:1      | Bought a glowing ring mail for 175 gold pieces
  2989 | D:4      | Gained mutation: You may rarely emit foul miasma when
                  | damaged in melee. [demonic ancestry]
  2989 | D:4      | Reached XP level 6. HP: 17/47 MP: 6/6
  3070 | D:4      | HP: 5/47 [orc priest/divine providence (11)]
  3073 | D:4      | HP: 2/47 [orc priest/+0 hand axe (3)]
  3074 | D:4      | Slain by an orc priest

Vanquished Creatures
  An ogre (D:3)
  Crazy Yiuf (D:3)
  A hound (D:3)
  A sleepcap (D:4)
  5 adders
  2 dart slugs
  An orc (D:4)
  6 ball pythons
  5 endoplasms
  5 giant cockroaches
  5 goblins
  11 hobgoblins
  6 jackals
  4 quokkas
  7 bats
  6 frilled lizards
  A kobold (D:2)
  6 rats
74 creatures vanquished.

Table legend:
 A = Non-vault XP
 B = Vault XP
 C = Vault XP percentage of total XP
 D = Non-vault monster count
 E = Vault monster count
 F = Vault count percentage of total count
                 A         B        C        D         E       F
            +---------+---------+-------+---------+---------+-------
      Total |     378 |      42 |  10.0 |      73 |       1 |   1.4
            +---------+---------+-------+---------+---------+-------
        D:1 |      48 |       0 |   0.0 |      21 |       0 |   0.0
        D:2 |      56 |       0 |   0.0 |      20 |       0 |   0.0
        D:3 |     198 |      42 |  17.5 |      19 |       1 |   5.0
        D:4 |      76 |       0 |   0.0 |      13 |       0 |   0.0
            +---------+---------+-------+---------+---------+-------

Skill      XL: |  1  2  3  4 |
---------------+-------------+-----
Unarmed Combat | 2 3 4 5 |  5.9
Fighting       | |  3.0
Armour         | |  2.6
Shields        | |  2.6

Action                     |  1- 3 |  4- 6 || total
---------------------------+-------+-------++-------
  Melee: Unarmed           |   199 |   132 ||   331
    Use: Potion            |     3 |     3 ||     6
 Armour: Scale mail        |   101 |    29 ||   130
         Ring mail         |       |    12 ||    12
  Dodge: Dodged            |    79 |    64 ||   143
  Block: Buckler           |    40 |    20 ||    60

Illustrated notes

Table legend:
 A = Kills in this place as a percentage of kills in the entire game.
 B = Kills by you in this place as a percentage of kills by you in the entire game.
 C = Kills by friends in this place as a percentage of kills by friends in the entire game.
 D = Other kills in this place as a percentage of other kills in the entire game.
 E = Experience gained in this place as a percentage of experience gained in the entire game.
 F = Experience gained in this place divided by the number of levels of this place that you have seen.
                   A       B       C       D       E      F
               +-------+-------+-------+-------+-------+----------------------
         Total | 100.0 | 100.0 |   N/A |   N/A | 100.0 | 105.0
       Dungeon | 100.0 | 100.0 |   N/A |   N/A | 100.0 | 105.0
               +-------+-------+-------+-------+-------+----------------------

Table legend: (Time is in decaauts)
 A = Elapsed time spent in this place.
 B = Non-inter-level travel time spent in this place.
 C = Inter-level travel time spent in this place.
 D = Time resting spent in this place.
 E = Time spent auto-exploring this place.
 F = Levels seen in this place.
 G = Mean time per level.
                   A        B        C        D        E       F      G
               +--------+--------+--------+--------+--------+-----+--------+
         Total |   3059 |   2759 |    300 |    290 |   1827 |   4 |  764.8 |
       Dungeon |   3059 |   2759 |    300 |    290 |   1827 |   4 |  764.8 |
               +--------+--------+--------+--------+--------+-----+--------+

Top non-repeatable levels by time:
     D:1: 1204 daAuts
     D:3: 924 daAuts
     D:2: 633 daAuts
     D:4: 297 daAuts
